 Dungeon Crawl Stone Soup version 0.16.2-12-gd0ad4c3 (webtiles) character file.

634 Peloso the Shield-Bearer (level 7, -1/91 HPs)
             Began as a Minotaur Fighter on Nov 1, 2015.
             Succumbed to Beholder179's ghost's poison
             ... on level 4 of the Dungeon.
             The game lasted 00:12:15 (2293 turns).

Peloso the Shield-Bearer (Minotaur Fighter)         Turns: 2293, Time: 00:12:15

Health: -1/91      AC: 23    Str: 27    XL:     7   Next: 24%
Magic:  3/3        EV:  2    Int:  5    God:
Gold:   283        SH: 11    Dex: 15    Spells: 0 memorised, 6 levels left

rFire  . . .     SeeInvis .     y - +2 long sword (elec)
rCold  . . .     Clarity  .     v - melded +0 chain mail
rNeg   + + +     SustAb   .     c - +0 shield
rPois  +         Gourm    .     (helmet currently unavailable)
rElec  .         Spirit   .     r - melded +0 cloak
rCorr  .         Warding  .     (gloves currently unavailable)
rMut   .         NoTele   +     (boots currently unavailable)
MR     .....                    (no amulet)
Stlth  ++........               x - ring of invisibility
                                l - +3 ring of evasion

@: mighty, agile, lethally poisoned (-1 -> -18), tree-form, not resistant to
hostile enchantments, unstealthy
A: (retaliatory headbutt), (horns 0)
a: Evoke Invisibility


You were on level 4 of the Dungeon.
You were near starving.
You were a tree.
You visited 1 branch of the dungeon, and saw 4 of its levels.

You collected 283 gold pieces.

Inventory:

Hand weapons
 a - a +0 long sword
 y - a +2 long sword of electrocution (weapon)
Armour
 b - a +0 scale mail
 c - a +0 shield (worn)
 r - a +0 cloak (melded)
 v - a +0 chain mail (melded)
Jewellery
 l - a +3 ring of evasion (left branch)
 n - an uncursed ring of flight
 x - a ring of invisibility (right branch)
Scrolls
 f - a scroll of teleportation
 k - a scroll of recharging
 w - a scroll of enchant weapon
Potions
 h - 3 potions of agility
 m - a potion of haste
Comestibles
 d - 2 bread rations
 g - 6 chunks of flesh
 p - 2 meat rations


   Skills:
 + Level 5.3 Fighting
 + Level 4.7 Long Blades
 + Level 5.5 Armour
 + Level 3.2 Dodging
 + Level 6.1 Shields


You had 6 spell levels left.
You didn't know any spells.

Dungeon Overview and Level Annotations

Branches:
Dungeon (4/15)
 Temple: D:4-7

Altars:
Nemelex Xobeh
Yredelemnul
The Shining One


Innate Abilities, Weirdness & Mutations

((You reflexively headbutt those who attack you in melee.))
((You have a pair of horns on your head.))


Message History

* * * LOW HITPOINT WARNING * * *
You feel very sick.
Drink which item? (? for menu, Esc to quit)
It was a potion of degeneration.
There was something very wrong with that liquid.
You feel dopey.
* * * LOW HITPOINT WARNING * * *
You feel sick.
Read which item? (? for menu, Esc to quit)
As you read the scroll labeled CROKLOLIXOY, it crumbles to dust.
You feel blessed for a moment.
It was a scroll of remove curse.
* * * LOW HITPOINT WARNING * * *
You feel sick.
Drink which item? (? for menu, Esc to quit)
You feel your intelligence returning.
* * * LOW HITPOINT WARNING * * *
You feel sick.
Drink which item? (? for menu, Esc to quit)
You feel agile all of a sudden.
You die...

#...%. #. #........# #.....
..... #........# ......##.
#..##........# #....... #.
#...........# ..##..#..#
#.#####..÷.....#
.........###..####........#
.#.........##.#...........#
.......##.##..............
....... #♣###.............
....... #.#.##...###......
...... #....#...# #......
..... #....#...# #......
..#.####....#...###......
#......(....#....##......
##......÷#.#.....# #.....
.........#.......###.....
.....##......##..#......


There were no monsters in sight!

Vanquished Creatures
  The ghost of Beholder179 the Cutter, an experienced HESk (D:4)
  A giant frog (D:3)
  3 hounds (D:4)
  An orc priest (D:3)
  A hound skeleton (D:4)
  9 adders
  2 giant mites
  2 worms (D:3)
  An ooze (D:3)
  2 orcs (D:3)
  A ball python (D:2)
  A giant cockroach (D:1)
  3 goblins
  8 hobgoblins
  2 jackals (D:2)
  7 kobolds
  6 quokkas
  16 bats
  3 giant geckos
  6 giant newts
  11 rats
87 creatures vanquished.

Notes
Turn   | Place    | Note
--------------------------------------------------------------
     0 | D:1      | Peloso, the Minotaur Fighter, began the quest for the Orb.
     0 | D:1      | Reached XP level 1. HP: 19/19 MP: 1/1
   198 | D:1      | Reached XP level 2. HP: 24/27 MP: 1/1
   243 | D:1      | Reached skill level 4 in Fighting
   508 | D:1      | Reached XP level 3. HP: 33/33 MP: 2/2
   922 | D:2      | Found a glowing golden altar of the Shining One.
  1089 | D:2      | Reached XP level 4. HP: 39/41 MP: 2/2
  1523 | D:3      | Noticed a giant frog
  1528 | D:3      | Reached skill level 5 in Shields
  1536 | D:3      | Reached skill level 1 in Dodging
  1539 | D:3      | Killed a giant frog
  1539 | D:3      | Reached XP level 5. HP: 27/47 MP: 2/2
  1690 | D:3      | Found a basalt altar of Yredelemnul.
  1866 | D:3      | Found a sparkling altar of Nemelex Xobeh.
  2132 | D:4      | Reached skill level 5 in Armour
  2132 | D:4      | Reached XP level 6. HP: 55/55 MP: 3/3
  2232 | D:4      | Reached skill level 5 in Fighting
  2254 | D:4      | Noticed Beholder179's ghost (experienced HESk)
  2289 | D:4      | Killed Beholder179's ghost
  2289 | D:4      | Reached skill level 6 in Shields
  2289 | D:4      | Reached XP level 7. HP: 10/61 MP: 3/3
  2291 | D:4      | HP: 3/91 [poisoned by Beholder179's ghost]
  2292 | D:4      | HP: 1/91 [poisoned by Beholder179's ghost]
  2293 | D:4      | Succumbed to Beholder179's ghost's poison

Action                   |  1- 3 |  4- 6 |  7- 9 || total
-------------------------+-------+-------+-------++-------
Melee: Long sword        |    91 |   170 |       ||   261
  Use: Scroll            |       |     8 |     1 ||     9
       Potion            |       |     4 |     3 ||     7
  Eat: Chunk             |       |     3 |       ||     3
